 Dungeon Crawl Stone Soup version 0.24.0-37-gcf1ca852f1 (webtiles) character file.

Game seed: 10445544880114907465, levelgen mode: deterministic

995 Peloso the Slasher (level 7, -11/61 HPs)
             Began as a Minotaur Fighter on Nov 23, 2019.
             Mangled by Joseph
             ... wielding a +0 quarterstaff
              (12 damage)
             ... on level 7 of the Dungeon.
             The game lasted 00:08:45 (3619 turns).

Peloso the Slasher (Minotaur Fighter)               Turns: 3619, Time: 00:08:46

Health: -11/61     AC:  4    Str: 20 (21) XL:     7   Next: 99%
Magic:  0/6        EV:  9    Int:  4 (5)  God:
Gold:   284        SH: 10    Dex: 13      Spells: 6/6 levels left

rFire    . . .     SeeInvis .   a - +0 long sword
rCold    . . .     Gourm    .   c - +0 shield
rNeg     . . .     Faith    .   b - +0 scale mail
rPois    .         Spirit   +   (helmet restricted)
rElec    .         Reflect  .   t - scarf {Spirit}
rCorr    .         Harm     .   (no gloves)
MR       .....                  (no boots)
Stlth    ++........             l - amulet of the acrobat
HPRegen  0.20/turn              h - ring of stealth
MPRegen  0.10/turn              n - -3 ring of protection (curse)

@: lethally poisoned (-11 -> -22)
A: retaliatory headbutt, horns 2, thin skeletal structure 1, deterioration 1,
wild magic 1
a: no special abilities


You were on level 7 of the Dungeon.
You were hungry.

You visited 1 branch of the dungeon, and saw 7 of its levels.
You also visited: Sewer.

You collected 284 gold pieces.

Inventory:

Hand Weapons
 a - a +0 long sword (weapon)
Armour
 b - a +0 scale mail (worn)
 c - a +0 shield (worn)
 i - a +0 cloak
 t - a scarf of spirit shield (worn)
Jewellery
 h - a ring of stealth (left hand)
 l - an amulet of the acrobat (around neck)
 n - a cursed -3 ring of protection (right hand)
 p - a +4 ring of intelligence
Wands
 q - a wand of paralysis (5)
Scrolls
 e - 5 scrolls of identify
 g - 3 scrolls of teleportation
 k - 2 scrolls of amnesia
 m - a scroll of enchant weapon {unknown}
 r - 2 scrolls of random uselessness {unknown}
 s - a scroll of fear
 u - a scroll of remove curse
Potions
 d - 2 potions of might
 j - a potion of heal wounds
 o - 2 potions of flight
Comestibles
 f - 9 rations


   Skills:
 + Level 5.1 Fighting
 + Level 6.9 Long Blades
 + Level 6.3 Armour
 + Level 2.0 Dodging
 + Level 0.6 Stealth
 + Level 6.6 Shields


You had 6 spell levels left.
You didn't know any spells.
Your spell library contained the following spells:

 Spells                   Type           Power        Failure   Level  Hunger
 Animate Skeleton         Necr           N/A          99%         1    ##.....
 Apportation              Tloc           #.....       99%         1    ##.....
 Confusing Touch          Hex            #.....       99%         1    ##.....
 Summon Small Mammal      Summ           #...         99%         1    ##.....


Dungeon Overview and Level Annotations

Branches:
Dungeon (7/15)              Sewer (visited)
 Temple: D:4-7

Altars:
Ashenzari
Ru
Xom
Yredelemnul

Annotations:
D:7 Joseph


Innate Abilities, Weirdness & Mutations

You reflexively headbutt those who attack you in melee.
You have a pair of horns on your head.
You have a somewhat thin skeletal structure. (Dex +2, Stealth)
Your body sometimes deteriorates upon taking damage.
Your spells are a little harder to cast, but a little more powerful.


Message History

You hit Joseph but do no damage. You headbutt Joseph.
Joseph is almost dead.
* * * LOW HITPOINT WARNING * * *
You feel sick. The worker ant bites you.
* * * LOW HITPOINT WARNING * * *
Joseph hits you with a +0 quarterstaff.
* * * LOW HITPOINT WARNING * * *
You hit Joseph.
Joseph is almost dead.
* * * LOW HITPOINT WARNING * * *
You feel sick.
The worker ant bites you but does no damage.
You block Joseph's attack.
Unknown command.
You hit Joseph but do no damage.
Joseph is almost dead.
The worker ant bites you.
You are more poisoned.
The worker ant poisons you! Joseph hits you with a +0 quarterstaff!
You die...

.........###
...........
.......(..#
.........>#
.........<####.#
..............l..
.......l..#.....#
#######a#.#.###.#
#@#...# #..@(...#
#####...# ....#
#..# #.# .. ..


You could see Joseph, a worker ant and a leopard gecko.

Vanquished Creatures
  Sigmund (D:2)
  Purgy (Sewer)
  A phantom (D:5)
  2 bullfrogs (D:6)
  2 hounds (D:4)
  Crazy Yiuf (D:3)
  2 orc priests (D:4)
  An orc wizard (D:4)
  A bullfrog skeleton (D:4)
  6 worker ants
  8 adders
  2 oozes
  5 worms
  A dart slug (D:3)
  5 leopard geckos
  9 orcs
  6 giant cockroaches
  5 goblins
  5 hobgoblins
  3 jackals (D:4)
  6 kobolds
  3 quokkas
  2 ball pythons (D:4)
  4 bats
  7 frilled lizards
  A quokka skeleton (D:5)
  5 rats
95 creatures vanquished.

Notes
Turn   | Place    | Note
-------+----------+-------------------------------------------
     0 | D:1      | Peloso the Minotaur Fighter began the quest for the Orb.
     0 | D:1      | Reached XP level 1. HP: 19/19 MP: 0/0
   248 | D:1      | Reached XP level 2. HP: 26/27 MP: 1/1
   862 | D:2      | Reached XP level 3. HP: 32/33 MP: 2/2
  1367 | D:2      | Noticed Sigmund
  1384 | D:2      | Killed Sigmund
  1384 | D:2      | Reached skill level 5 in Armour
  1384 | D:2      | Reached skill level 5 in Shields
  1384 | D:2      | Reached XP level 4. HP: 33/41 MP: 3/3
  1384 | D:2      | Reached XP level 5. HP: 38/47 MP: 4/4
  1392 | D:2      | Found a shimmering altar of Xom.
  1392 | D:2      | Found a shattered altar of Ashenzari.
  1472 | D:3      | Gained mutation: Your spells are a little harder to cast,
                  | but a little more powerful. [potion of mutation]
  1472 | D:3      | Gained mutation: Your body sometimes deteriorates upon
                  | taking damage. [potion of mutation]
  1472 | D:3      | Gained mutation: You have a somewhat thin skeletal
                  | structure. (Dex +2, Stealth) [potion of mutation]
  2098 | D:3      | Found a runed translucent door.
  2099 | D:3      | Noticed Crazy Yiuf
  2283 | D:3      | Killed Crazy Yiuf
  2283 | D:3      | Reached XP level 6. HP: 28/53 MP: 5/5
  2352 | D:4      | Reached skill level 5 in Long Blades
  2385 | D:4      | HP: 2/53 [poisoned by a worker ant]
  2715 | D:4      | Reached XP level 7. HP: 45/60 MP: 3/6
  2717 | D:4      | Reached skill level 1 in Dodging
  2793 | D:4      | Found a glowing drain.
  2802 | Sewer    | Entered a sewer
  2894 | Sewer    | Noticed Purgy
  2900 | Sewer    | Killed Purgy
  3225 | D:4      | Found a sacrificial altar of Ru.
  3297 | D:5      | Entered Level 5 of the Dungeon
  3302 | D:5      | Found a basalt altar of Yredelemnul.
  3358 | D:5      | Reached skill level 5 in Fighting
  3601 | D:7      | Noticed Joseph
  3617 | D:7      | HP: 3/61 [worker ant (1)]
  3618 | D:7      | HP: 1/61 [poisoned by a worker ant]
  3619 | D:7      | Mangled by Joseph

Levels and vault maps discovered:
D:1:      roderic_crop_circles_arrival_small, layout_basic
D:2:      layout_basic, grunt_temple_overflow_open, minmay_tromino_v4_c,
          uniq_sigmund
D:3:      layout_rooms, first_ration, serial_aquarium, aquarium_bridge_straight
          [aquarium_subvault_bridge, aquarium_subvault_balcony,
          aquarium_subvault_bridge, aquarium_subvault_wall],
          aquarium_bridge_straight [aquarium_subvault_bridge,
          aquarium_subvault_wall, aquarium_subvault_bridge,
          aquarium_subvault_window], aquarium_window_fake,
          aquarium_window_corner, aquarium_window_1, aquarium_view_2e,
          aquarium_view_2a, kennysheep_cross_room, minmay_misc_feat_nine_boxes,
          uniq_crazy_yiuf_cottage
D:4:      layout_basic, lemuel_crystal_altar, nicolae_ru_sacrificial_ziggurat,
          cheibrodos_sewer_entry_bend, minmay_misc_feat_columns
D:5:      layout_rooms, lemuel_crystal_altar, saegor_snake_ambush
D:6:      layout_cave_pools, overflow_temple_1_default,
          minmay_temple_entry_purple_smoke, serial_shops, nicolae_shop_trees
D:7:      layout_basic, uniq_joseph

Skill      XL: |  1  2  3  4  5  6  7 |
---------------+----------------------+-----
Armour         | 4 5 6 |  6.3
Shields        | 4 5 6 |  6.6
Fighting       | 4 5 |  5.1
Long Blades    | 4 5 6 |  6.9
Dodging        | 2 |  2.0
Stealth        | |  0.6

Action                   |  1- 3 |  4- 6 |  7- 9 || total
-------------------------+-------+-------+-------++-------
Melee: Long sword        |    81 |    76 |    76 ||   233
       Headbutt          |    15 |    18 |    14 ||    47
  Use: Scroll            |     3 |     2 |     1 ||     6
       Potion            |     2 |     8 |     1 ||    11
 Stab: Sleeping          |       |       |     1 ||     1
  Eat: Chunk             |     1 |     5 |     2 ||     8
Armor: Scale mail        |    39 |    47 |    35 ||   121
Dodge: Dodged            |    22 |    42 |   119 ||   183
Block: Shield            |    41 |    54 |   105 ||   200
       Rpst.: Long sword |     8 |    15 |    39 ||    62
